 Dungeon Crawl Stone Soup version 0.17-a0-1802-g9847487 (console) character file.

193 Illiel the Shooter (level 5, 0/36 HPs)
             Began as a High Elf Hunter on Sept 11, 2015.
             Slain by an orc priest
             ... wielding a +0 trident
              (4 damage)
             ... on level 3 of the Dungeon.
             The game lasted 00:11:46 (2387 turns).

Illiel the Shooter (High Elf Hunter)                Turns: 2387, Time: 00:11:46

Health: 0/36       AC:  8    Str: 11    XL:     5   Next: 44%
Magic:  6/6        EV: 11    Int: 15    God:
Gold:   134        SH:  0    Dex: 16    Spells: 0 memorised, 4 levels left

rFire  + . .     SeeInvis .     b - +0 falchion
rCold  . . .     Clarity  .     j - +2 ring mail {rF+}
rNeg   . . .     SustAt   .     (no shield)
rPois  .         Gourm    .     v - +0 helmet
rElec  .         Spirit   .     (no cloak)
rCorr  .         Warding  .     (no gloves)
rMut   .         Stasis   .     (no boots)
MR     +....                    (no amulet)
Stlth  ++........               (no ring)
                                h - ring of protection from magic

@: somewhat resistant to hostile enchantments, unstealthy
A: no striking features
a: no special abilities


You were on level 3 of the Dungeon.
You were not hungry.

You visited 1 branch of the dungeon, and saw 3 of its levels.

You collected 134 gold pieces.

Inventory:

Hand weapons
 a - a +1 shortbow
 b - a +0 falchion (weapon)
Missiles
 c - 19 arrows
Armour
 d - a +0 leather armour
 j - a +2 ring mail of fire resistance (worn)
 v - a +0 helmet (worn)
Jewellery
 h - a ring of protection from magic (left hand)
Scrolls
 f - 2 scrolls of fear
 i - 2 scrolls of remove curse
 k - 3 scrolls of identify {unknown}
 o - a scroll of enchant armour {unknown}
 p - 3 scrolls of fog {unknown}
 q - a scroll of immolation {unknown}
 u - a scroll of magic mapping {unknown}
 x - a scroll of teleportation {unknown}
Potions
 g - a potion of flight
 l - a potion of haste
 m - 3 potions of agility
Comestibles
 e - 3 bread rations
 r - a fruit


   Skills:
 + Level 3.1 Fighting
 * Level 1.4 Long Blades
 * Level 6.7 Bows
 + Level 1.4 Armour
 + Level 2.9 Dodging
 + Level 2.5 Stealth


You had 4 spell levels left.
You didn't know any spells.

Dungeon Overview and Level Annotations

Branches:
Dungeon (3/15)

Altars:


Message History

The orc priest hits you but does no damage.
You hit the orc priest but do no damage.
The orc priest is heavily wounded.
The orc priest hits you with a trident.
* * * LOW HITPOINT WARNING * * *
You hit the orc priest.
The orc priest is severely wounded.
The orc priest hits you but does no damage.
You barely miss the orc priest.
The orc priest is severely wounded.
The orc priest hits you with a trident.
* * * LOW HITPOINT WARNING * * *
The orc priest completely misses you.
You hit the orc priest but do no damage.
The orc priest is severely wounded.
The orc priest miscasts a cantrip.
You hit the orc priest.
The orc priest is almost dead.
The orc priest hits you with a trident.
You die...

▒▒▒▒ ▒▒▒▒▒∙∙▒▒▒▒
∙∙∙∙∙∙∙∙∙∙∙▒∙▒
▒▒▒▒▒▒▒∙∙∙∙▒∙▒
▒▒∙∙∙▒∙▒ ▒▒▒∙∙∙▒∙▒
▒∙∙∙∙∙▒∙▒
▒∙▒∙∙∙▒∙▒
▒∙▒∙∙∙▒∙▒
▒∙▒∙▒∙∙∙▒
▒∙▒∙▒∙▒▒▒▒▒∙
▒▒▒▒■▒(∙∙∙∙∙∙∙∙∙
▒∙∙∙∙∙∙∙∙▒▒▒▒∙∙∙
▒∙∙∙∙∙∙∙∙▒▒
▒∙∙∙∙∙∙∙∙∙▒
▒∙∙∙∙∙∙∙▒∙▒▒
▒∙∙∙∙∙∙∙▒∙∙▒
▒∙∙∙∙∙∙∙▒▒@▒ ∙▒
▒▒▒▒∙▒∙∙∙∙)o?∙∙∙∙∙
∙▒ ▒∙▒∙▒▒▒▒∙▒▒∙▒▒▒
∙▒ ▒∙▒∙▒ ∙∙ ∙▒
▒∙▒∙▒ ▒(▒ ∙▒ ▒∙▒
∙∙ ∙▒ ▒∙▒ ▒(∙
∙▒▒▒▒▒▒▒▒▒∙▒▒▒▒
∙∙∙


∙∙∙∙∙∙)∙∙∙∙∙∙∙■ ▒▒▒▒▒▒▒▒▒▒∙▒▒▒▒ ∙∙∙∙∙▒∙∙∙∙∙▒ ▒▒▒▒∙▒∙▒▒▒▒▒ ▒∙▒∙▒ ▒∙▒∙▒ ▒∙▒∙▒
▒∙▒∙▒ ▒∙▒∙▒ You could see an orc priest.

Vanquished Creatures
  An orc priest (D:3)
  An orc wizard (D:3)
  6 adders
  2 oozes
  2 worms
  2 giant geckos
  5 orcs (D:3)
  11 bats
  2 giant cockroaches
  7 goblins
  6 hobgoblins
  4 jackals (D:1)
  7 kobolds
  3 giant newts
  15 rats
74 creatures vanquished.

Notes
Turn   | Place    | Note
--------------------------------------------------------------
     0 | D:1      | Illiel the High Elf Hunter began the quest for the Orb.
     0 | D:1      | Reached XP level 1. HP: 14/14 MP: 2/2
    72 | D:1      | Reached XP level 2. HP: 4/19 MP: 3/3
   641 | D:1      | Reached XP level 3. HP: 5/25 MP: 4/4
  1138 | D:2      | Reached skill level 1 in Armour
  1278 | D:2      | Reached skill level 6 in Bows
  1458 | D:2      | Reached XP level 4. HP: 22/30 MP: 5/5
  2186 | D:3      | Reached XP level 5. HP: 9/36 MP: 6/6
  2257 | D:3      | Reached skill level 1 in Long Blades
  2387 | D:3      | Slain by an orc priest

Vault maps used:
D:1:      dpeg_arrival_shrine, minmay_crystal_water
D:2:      first_bread

Action                   |  1- 3 |  4- 6 || total
-------------------------+-------+-------++-------
Melee: Short sword       |   131 |    56 ||   187
       Falchion          |       |    61 ||    61
 Fire: Shortbow          |    41 |    26 ||    67
  Use: Potion            |     1 |     6 ||     7
       Scroll            |       |     2 ||     2
 Stab: Invisible         |       |     5 ||     5
       Sleeping          |       |     2 ||     2
  Eat: Chunk             |     1 |     4 ||     5
